 Dungeon Crawl Stone Soup version 0.31-a0-354-g827e0957a7 (webtiles) character file.

Game seed: 3092387513345417533

10783 Newt the Basher (level 11, -4/78 HPs)
             Began as a Merfolk Fighter on July 23, 2023.
             Was an Elder of Hepliaklqana.
             Slain by an orc warrior
             ... wielding a +0 battleaxe
              (15 damage)
             ... on level 9 of the Dungeon.
             The game lasted 00:12:02 (10443 turns).

Newt the Basher (Merfolk Fighter)                  Turns: 10443, Time: 00:12:02

Health: -4/78      AC: 11    Str: 20    XL:     11   Next: 67%
Magic:  0/11       EV: 11    Int: 13    God:    Hepliaklqana [****..]
Gold:   270        SH:  5    Dex: 20    Spells: 10/10 levels left

rFire   + . .        y - +12 hammer of Magnificence {freeze, *Corrode rN+ Dex+2}
rCold   . . .        c - +0 buckler
rNeg    + . .        J - +3 scale mail of Lifelessness {Harm Rampage Stlth-}
rPois   .            x - +0 helmet
rElec   .            f - +2 cloak
rCorr   .            L - +1 pair of gloves {Dex+3}
SInv    .            (no boots)
Will    .....        l - amulet of guardian spirit Stlth
                     h - ring of protection from fire
HPRegen 0.33/turn    o - +6 ring of intelligence
MPRegen 0.12/turn

%: corrode self (3%), harm (+30% outgoing, +20% incoming), guardian spirit,
rampage
@: corroded
A: reduced essence, (nimble swimmer 2), mertail
a: Renounce Religion, Recall Ancestor, Ancestor Identity, Transference, Idealise


You were on level 9 of the Dungeon.
You worshipped Hepliaklqana.
Hepliaklqana was greatly pleased with you.
You visited 1 branch of the dungeon, and saw 9 of its levels.
You also visited: Sewer and Bailey.

You collected 665 gold pieces.
You spent 395 gold pieces at shops.

Inventory:

Hand Weapons
 a - a +0 long sword
 g - a +2 antimagic spear
 y - the +12 hammer of Magnificence (weapon) {freeze, *Corrode rN+ Dex+2}
   (You found it on level 4 of the Dungeon)

   Dex:       It affects your dexterity (+2).
   rN:        It protects you from negative energy.
   *Corrode:  It may corrode you when you take damage.
Missiles
 d - a throwing net
 m - 22 poisoned darts
Armour
 b - a +0 scale mail
 c - a +0 buckler (worn)
 f - a +2 cloak (worn)
 x - a +0 helmet (worn)
 J - the +3 scale mail of Lifelessness (worn) {Harm Rampage Stlth-}
   (You acquired it on level 8 of the Dungeon)

   Harm:      It increases damage dealt and taken.
   Rampage:   It bestows one free step when moving towards enemies.
   Stlth:     It makes you less stealthy.
 L - a +1 pair of gloves of dexterity (worn)
Jewellery
 h - a ring of protection from fire (left hand)
 i - a ring of fire
 l - an amulet of guardian spirit (around neck)
 o - a +6 ring of intelligence (right hand)
 p - a +6 ring of intelligence
 H - a ring of see invisible
 N - a ring of willpower
Wands
 B - a wand of flame (24)
 C - a wand of acid (8)
 P - a wand of charming (1)
 Q - a wand of polymorph (6)
Scrolls
 e - 2 scrolls of vulnerability
 t - a scroll of summoning
 w - 3 scrolls of blinking
 E - 2 scrolls of enchant weapon
 F - 2 scrolls of amnesia
 G - 2 scrolls of fog {unknown}
 K - 2 scrolls of enchant armour {unknown}
 M - a scroll of teleportation
Potions
 j - 2 potions of magic
 k - 3 potions of degeneration
 n - 2 potions of cancellation
 q - 2 potions of berserk rage
 r - 2 potions of brilliance
 u - a potion of haste
 v - 2 potions of resistance
 z - a potion of attraction
 A - 2 potions of mutation
 D - a potion of heal wounds {unknown}
 I - 2 potions of enlightenment {unknown}
 O - a potion of lignification


   Skills:
 + Level 8.4 Fighting
 - Level 2.4 Long Blades
 - Level 12.3 Maces & Flails
 - Level 9.3 Polearms
 - Level 2.1 Armour
 - Level 4.0 Dodging
 - Level 3.0 Shields


You had 10 spell levels left.
You didn't know any spells.
Your spell library contained the following spells:

 Spells                   Type           Power      Damage    Failure   Level
 Freeze                   Ice            0%         1d3       75%         1
 Poisonous Vapours        Pois/Air       0%         N/A       86%         2
 Frozen Ramparts          Ice            0%         1d1       98%         3
 Hailstorm                Conj/Ice       0%         3d3       98%         3
 Mephitic Cloud           Conj/Pois/Air  0%         N/A       98%         3
 Stone Arrow              Conj/Erth      0%         3d7       98%         3
 Animate Armour           Summ/Erth      0%         N/A       100%        4
 Freezing Cloud           Conj/Ice/Air   0%         6-21      100%        5
 Lehudib's Crystal Spear  Conj/Erth      0%         10d2      100%        8


Dungeon Overview and Level Annotations

Branches:
Dungeon (9/15)             Temple (0/1) D:7            Lair (0/5) D:8
  Sewer (visited)          Bailey (visited)
    Orc: D:9-12

Altars:
Cheibriados
Hepliaklqana
Makhleb
Sif Muna
Wu Jian
Yredelemnul

Shops:
D:5 !   D:8 !(


Innate Abilities, Weirdness & Mutations

Your life essence is reduced to manifest your ancestor. (-10% HP)
((You are very nimble when in or above water. (Stealth+, EV+, Speed+++)))
Your lower body shifts to a powerful aquatic tail in water.


Message History

You are too injured to fight recklessly!
Unknown command.
You are too injured to fight recklessly!
You feel sick.
Tihomir hits the orc with a +0 dagger of draining.
Tihomir drains the orc.
The orc dies!
The orc priest invokes the aid of Beogh against you.
Beogh smites you! You block the orc's attack.
Tihomir points at the orc and mumbles some strange words.
The orc struggles to resist.
The orc warrior unwields a +0 orcbow.
The orc warrior wields a +0 battleaxe.
You block the orc warrior's attack.
Things that are here:
a +0 hand axe; 14 gold pieces; an orc corpse You barely miss the orc.
Unknown command.
You hit the orc warrior but do no damage.
You feel sick.
The orc warrior hits you with a +0 battleaxe!
* * * LOW HITPOINT WARNING * * *
Unknown command.
You rampage towards the orc priest!
You hit the orc priest. You freeze the orc priest.
The orc priest is moderately wounded.
You feel sick. The orc barely misses you. The orc priest misses you.
Tihomir hits the orc with a +0 dagger of draining.
Tihomir drains the orc.
The orc dies!
The orc warrior closely misses you.
You sock the orc priest! You freeze the orc priest.
The orc priest is almost dead.
You feel sick. You block the orc priest's attack.
The orc warrior hits you with a +0 battleaxe!
* * * LOW HITPOINT WARNING * * *
The orc warrior barely misses Tihomir.
Tihomir closely misses the orc warrior.
Unknown command.
You feel better. The orc priest closely misses you.
Tihomir hits the orc warrior but does no damage.
The orc warrior hits you with a +0 battleaxe!
You die...

#......# ####### #......#
##....... #......# #.....##
##........ #......# #......#
##.>....... #......#
#......####.......... #......#
#..)...#............. #......#
#......#............. #......#
#......#...)R@o...... #......#
#......#....)o....... #......#
####......##'#############......#
................................#
###.............................#
# #.............................#
# #......#...###...####.........#
###..........###...####.........#
................................#


You could see the friendly Tihomir the hexer, an orc warrior and an orc priest
(ally target).

Vanquished Creatures
  A two-headed ogre (D:8)
  A boulder beetle (D:8)
  An orc high priest (Bailey)
  A kobold demonologist (Bailey)
  Grinder (D:4)
  Sigmund (D:4)
  A wyvern (D:8)
  15 yaks
  A steam dragon (D:7)
  An acid dragon (D:8)
  A water moccasin (D:8)
  2 ice beasts
  12 orc warriors
  5 centaurs
  2 kobold brigands
  8 bullfrogs
  2 scorpions (D:8)
  10 wights
  6 killer bees
  A howler monkey (D:8)
  8 electric eels
  4 orc priests
  2 hounds (D:4)
  2 jellies (D:6)
  A sleepcap (D:5)
  A gnoll bouda (D:5)
  A hexer (D:9)
  7 orc wizards
  Natasha (thrice) (D:2)
  6 iguanas
  A hound zombie (D:5)
  Robin (D:4)
  9 gnolls
  7 adders
  6 river rats (Sewer)
  2 shadow imps
  A white imp (D:8)
  An ufetubus (D:4)
  3 worms
  A dart slug (D:5)
  27 orcs
  7 ball pythons
  3 bats
  7 endoplasms
  6 giant cockroaches
  20 goblins
  15 hobgoblins
  12 jackals
  2 quokkas
  2 frilled lizards
  16 kobolds
  8 rats
265 creatures vanquished.

Vanquished Creatures (collateral kills)
  A troll (D:8)
  2 orc warriors
  An ogre (D:6)
  A bullfrog (D:6)
  A gnoll sergeant (D:9)
  A water moccasin zombie (D:5)
  2 scorpions
  4 killer bees
  A jelly (D:8)
  Crazy Yiuf (D:4)
  An iguana (D:5)
  An orc wizard (D:7)
  A gnoll (D:9)
  An adder (D:5)
  8 orcs
  3 goblins (Bailey)
30 creatures vanquished.

Vanquished Creatures (others)
  A hexer (Bailey)
1 creature vanquished.

Grand Total: 296 creatures vanquished

Notes
Turn   | Place    | Note
-------+----------+-------------------------------------------
     0 | D:1      | Newt the Merfolk Fighter began the quest for the Orb.
     0 | D:1      | Reached XP level 1. HP: 18/18 MP: 1/1
   176 | D:1      | Reached XP level 2. HP: 24/25 MP: 2/2
   289 | D:1      | Reached skill level 1 in Dodging
   755 | D:2      | Reached XP level 3. HP: 30/30 MP: 1/3
   904 | D:2      | Noticed Natasha
   919 | D:2      | Killed Natasha
   920 | D:2      | Reached XP level 4. HP: 37/37 MP: 1/4
  1064 | D:2      | Noticed Natasha
  1077 | D:2      | Killed Natasha
  1078 | D:2      | Reached skill level 1 in Polearms
  1157 | D:2      | Noticed Natasha
  1169 | D:2      | Killed Natasha
  1260 | D:2      | Found a faded altar of an unknown god.
  1338 | D:2      | Reached XP level 5. HP: 42/42 MP: 1/5
  1781 | D:3      | Found a snail-covered altar of Cheibriados.
  2190 | D:3      | Reached skill level 5 in Polearms
  2190 | D:3      | Identified the +3 hand axe of Anxiety {pain, Fly rN+ Dex-5
                  | Stlth+}
  2192 | D:3      | Found a hazy altar of Hepliaklqana.
  2194 | D:3      | Found a faded altar of an unknown god.
  2300 | D:3      | Identified the +0 hand axe of Patterns {drain, Str+2}
  2331 | D:3      | Reached XP level 6. HP: 48/48 MP: 2/6
  2424 | D:3      | Became a worshipper of Hepliaklqana the Forgotten
  2919 | D:4      | Noticed Grinder
  2928 | D:4      | Paralysed by Grinder for 3 turns
  2955 | D:4      | Found a glowing drain.
  2956 | D:4      | Killed Grinder
  2957 | D:4      | Reached XP level 7. HP: 49/58 MP: 2/7
  2971 | Sewer    | Entered a sewer
  3809 | D:4      | Noticed Sigmund
  3829 | D:4      | Killed Sigmund
  3830 | D:4      | Reached XP level 8. HP: 48/64 MP: 2/8
  3938 | D:4      | Noticed Robin
  3965 | D:4      | Killed Robin
  4052 | D:4      | Reached * piety under Hepliaklqana
  4133 | D:4      | Found a runed translucent door.
  4134 | D:4      | Noticed Crazy Yiuf
  4274 | D:4      | Killed Crazy Yiuf
  4278 | D:4      | Identified the +12 hammer of Magnificence {freeze, *Corrode
                  | rN+ Dex+2}
  4281 | D:4      | Identified the +4 hammer of Nibety {spect, *Noise Fly Int+3
                  | Stlth+}
  4377 | D:5      | Entered Level 5 of the Dungeon
  4397 | D:5      | Reached skill level 1 in Maces & Flails
  4648 | D:5      | Reached skill level 2 in Maces & Flails
  4653 | D:5      | Reached skill level 3 in Maces & Flails
  4779 | D:5      | Reached skill level 4 in Maces & Flails
  5006 | D:5      | Found Pouvasi's Distillery.
  5015 | D:5      | Bought a potion of curing for 39 gold pieces
  5015 | D:5      | Bought a potion of berserk rage for 65 gold pieces
  5015 | D:5      | Bought a potion of attraction for 39 gold pieces
  5156 | D:5      | Found a basalt altar of Yredelemnul.
  5418 | D:6      | Reached skill level 5 in Maces & Flails
  5418 | D:6      | Reached XP level 9. HP: 62/62 MP: 9/9
  5437 | D:6      | Reached ** piety under Hepliaklqana
  5549 | D:6      | Remembered your ancestor Tihomir as a hexer
  5759 | D:6      | Reached skill level 6 in Maces & Flails
  5848 | D:6      | Found a burning altar of Makhleb.
  6115 | D:7      | Found a staircase to the Ecumenical Temple.
  6224 | D:7      | Found an ornate altar of the Wu Jian Council.
  6231 | D:7      | Reached skill level 7 in Maces & Flails
  6777 | D:8      | Reached skill level 8 in Maces & Flails
  6787 | D:8      | Reached XP level 10. HP: 40/68 MP: 5/10
  6791 | D:8      | Found a staircase to the Lair.
  6791 | D:8      | Found Qeistaigg's Distillery.
  6907 | D:8      | Reached skill level 9 in Maces & Flails
  6910 | D:8      | Reached *** piety under Hepliaklqana
  6938 | D:8      | Found Teijemna's Weapon Shoppe.
  6972 | D:8      | Found a flagged portal.
  6986 | Bailey   | Entered a bailey
  7175 | Bailey   | Noticed an orc high priest
  7178 | Bailey   | Noticed a smoke demon
  7179 | Bailey   | Noticed an orange demon
  7233 | Bailey   | Noticed a rust devil
  7233 | Bailey   | Noticed a rust devil
  7238 | Bailey   | Killed an orc high priest
  7417 | Bailey   | Reached skill level 10 in Maces & Flails
  7465 | Bailey   | Identified the +4 dagger of Past Mistakes {freeze, +Blink
                  | rElec rC+++ Str-5}
  7739 | Bailey   | Found an iron altar of Okawaru.
  7989 | Bailey   | Noticed a kobold demonologist
  8002 | Bailey   | Noticed an orange demon
  8252 | Bailey   | Killed a kobold demonologist
  8276 | D:8      | Acquired the +3 scale mail of Lifelessness {Harm Rampage
                  | Stlth-}
  8782 | D:8      | Reached skill level 11 in Maces & Flails
  8922 | D:8      | Noticed a two-headed ogre
  8934 | D:8      | Killed a two-headed ogre
  8935 | D:8      | Reached XP level 11. HP: 39/72 MP: 4/11
  8960 | D:8      | Noticed a boulder beetle
  8966 | D:8      | Killed a boulder beetle
  8967 | D:8      | Reached skill level 12 in Maces & Flails
  9230 | D:8      | Bought a potion of lignification for 36 gold pieces
  9230 | D:8      | Bought a potion of resistance for 120 gold pieces
  9230 | D:8      | Bought a potion of mutation for 96 gold pieces
  9844 | D:9      | Reached **** piety under Hepliaklqana
 10121 | D:9      | Found a shimmering blue altar of Sif Muna.
 10442 | D:9      | HP: 2/78 [orc warrior/+0 battleaxe (8)]
 10443 | D:9      | Slain by an orc warrior

Illustrated notes

Levels and vault maps discovered:
D:1:      heliophobic_arrival_dark_side_of_the_moon, layout_basic
D:2:      layout_basic, chequers_ecumenical_altar_simple, dk_noncrumbling_2,
          corner_web_ring, uniq_natasha
D:3:      layout_basic, beargit_hepliaklqana_dungeon_heroes,
          cheibrodos_worm_habitat
D:4:      layout_rooms, cheibrodos_sewer_entry_bend, hangedman_feature_mirror,
          uniq_sigmund, uniq_grinder, uniq_robin, uniq_crazy_yiuf_cottage
D:5:      layout_cave_pools, lemuel_zombie_altar_yredelemnul,
          serial_column_ruins, column_ruins_grid_3, column_ruins_open_tiny,
          column_ruins_open_tiny, column_ruins_open_medium,
          column_ruins_open_small, column_ruins_open_medium, serial_shops,
          shop_statue, minmay_liquid_box
D:6:      layout_rooms, nicolae_overflow_crystal_walls, serial_bayou_lake_a
D:7:      layout_basic, nicolae_wu_jian_wuxing_cycle,
          minmay_temple_entry_large_hall
D:8:      layout_gridville, grunt_lair_entry_orc_guard_hut, enter_bailey_2,
          serial_shops, nicolae_lakefront_shop, nicolae_shop_hallway_plus,
          kennysheep_decorative_pillar, nzn_random_ring
D:9:      layout_stronghold, tgw_sif, minmay_overflow_temple_star_hex

Skill      XL: |  1  2  3  4  5  6  7  8  9 10 11 |
---------------+----------------------------------+-----
Fighting       | 4 6 8 |  8.4
Dodging        | 2 3 4 |  4.0
Polearms       | 3 5 6 8 9 |  9.3
Maces & Flails | 5 8 11 12 | 12.3
Long Blades    | |  2.4
Armour         | |  2.1
Shields        | |  3.0

Action                     |  1- 3 |  4- 6 |  7- 9 | 10-12 || total
---------------------------+-------+-------+-------+-------++-------
  Melee: Long sword        |    33 |       |       |       ||    33
         Spear             |    80 |   261 |   228 |       ||   569
         Tailslap          |       |     2 |    10 |     2 ||    14
         Mace              |       |       |   114 |   259 ||   373
  Throw: Throwing net      |       |       |     1 |       ||     1
 Invoke: Recall Ancestor   |       |       |     1 |     1 ||     2
         Ancestor Life: He |       |       |     1 |       ||     1
  Evoke: Wand              |       |       |       |     2 ||     2
    Use: Potion            |     1 |       |       |     1 ||     2
         Scroll            |     2 |     2 |     7 |     6 ||    17
   Stab: Distracted        |       |       |     3 |     4 ||     7
         Confused          |       |       |     1 |    10 ||    11
 Armour: Scale mail        |    92 |    97 |    88 |    73 ||   350
  Dodge: Dodged            |    63 |    77 |   136 |   105 ||   381
  Block: Buckler           |    46 |    37 |    64 |    62 ||   209

Table legend: (Time is in decaauts)
 A = Elapsed time spent in this place.
 B = Non-inter-level travel time spent in this place.
 C = Inter-level travel time spent in this place.
 D = Time resting spent in this place.
 E = Time spent auto-exploring this place.
 F = Levels seen in this place.
 G = Mean time per level.
                   A        B        C        D        E       F      G
               +--------+--------+--------+--------+--------+-----+--------+
         Total |  10175 |   9841 |    334 |   1843 |   6083 |  11 |  925.0 |
       Dungeon |   8418 |   8084 |    334 |   1426 |   5174 |   9 |  935.3 |
         Sewer |    562 |    562 |      0 |      0 |    416 |   1 |  562.0 |
        Bailey |   1195 |   1195 |      0 |    417 |    492 |   1 | 1195.0 |
               +--------+--------+--------+--------+--------+-----+--------+

Top non-repeatable levels by time:
     D:8: 1457 daAuts
     D:3: 1215 daAuts
  Bailey: 1195 daAuts
     D:4: 1164 daAuts
     D:9: 917 daAuts
     D:6: 838 daAuts
     D:2: 779 daAuts
     D:1: 705 daAuts
     D:5: 683 daAuts
     D:7: 656 daAuts
   Sewer: 562 daAuts
